 Dungeon Crawl Stone Soup version 0.30.1 (webtiles) character file.

Game seed: 11018349260805692579

110 booth the Digger (level 4, -13/33 HPs)
             Began as a Draconian Earth Elementalist on July 9, 2023.
             Mangled by a sleepcap (15 damage)
             ... on level 3 of the Dungeon.
             The game lasted 00:16:41 (2320 turns).

booth the Digger (Draconian Earth Elementalist)     Turns: 2320, Time: 00:16:41

Health: -13/33     AC:  5    Str: 11    XL:     4   Next: 61%
Magic:  4/8        EV:  2    Int: 17    God:
Gold:   194        SH:  0    Dex: 11    Spells: 2/8 levels left

rFire   . . .        b - +0 dagger (freeze)
rCold   . . .        d - orb {mayhem}
rNeg    . . .        (body armour unavailable)
rPois   .            (helmet restricted)
rElec   .            (no cloak)
rCorr   .            (no gloves)
SInv    .            (no boots)
Will    .....        (no amulet)
Stlth   ++           (no ring)
HPRegen 0.25/turn    (no ring)
MPRegen 0.11/turn

%: mayhem
@: sleeping
A: AC +5, unfitting armour, cold-blooded
a: no special abilities


You were on level 3 of the Dungeon.
You visited 1 branch of the dungeon, and saw 3 of its levels.

You collected 194 gold pieces.

Inventory:

Hand Weapons
 b - a +0 dagger of freezing (weapon)
 g - a +0 quarterstaff
 j - a +0 mace
 l - a +1 hand axe of venom
Armour
 d - an orb of mayhem (worn)
Wands
 m - a wand of flame (7)
 p - a wand of paralysis (6)
Scrolls
 c - a scroll of brand weapon
 n - a scroll of magic mapping
 o - a scroll of teleportation {unknown}
 s - a scroll of enchant armour {unknown}
Potions
 a - 2 potions of magic
 e - 2 potions of berserk rage
 f - a potion of might
 h - 2 potions of curing
 i - 2 potions of heal wounds
 k - a potion of degeneration {unknown}
 q - a potion of resistance {unknown}
 r - a potion of brilliance {unknown}


   Skills:
 + Level 2.5 Dodging
 + Level 2.5 Stealth
 + Level 2.6 Spellcasting
 + Level 2.1 Transmutations
 + Level 3.6 Earth Magic


You had 2 spell levels left.
You knew the following spells:

 Your Spells              Type           Power      Damage    Failure   Level
a - Sandblast             Erth           28%        2d8       4%          1
b - Passwall              Tmut/Erth      9%         N/A       9%          2
c - Stone Arrow           Conj/Erth      16%        3d8       26%         3

Your spell library contained the following spells:

 Spells                   Type           Power      Damage    Failure   Level
 Freeze                   Ice            8%         1d3       19%         1
 Necrotise                Necr           8%         1d4       19%         1
 Summon Small Mammal      Summ           8%         N/A       19%         1
 Lesser Beckoning         Tloc           4%         N/A       26%         2
 Call Canine Familiar     Summ           2%         N/A       47%         3
 Frozen Ramparts          Ice            4%         1d1       47%         3
 Gell's Gravitas          Tloc           2%         N/A       47%         3
 Hailstorm                Conj/Ice       2%         3d3       47%         3
 Summon Guardian Golem    Hex/Summ       2%         N/A       47%         3
 Teleport Other           Tloc           2%         N/A       47%         3
 Vampiric Draining        Necr           2%         2d6       47%         3
 Petrify                  Tmut/Erth      11%        N/A       50%         4
 Agony                    Necr           2%         N/A       99%         5


Dungeon Overview and Level Annotations

Branches:
Dungeon (3/15)

Altars:


Innate Abilities, Weirdness & Mutations

Your plain brown scales are hard. (AC +5)
You cannot fit into any form of body armour.
You are cold-blooded and may be slowed by cold attacks.


Message History

The sleepcap is moderately damaged.
The sleepcap releases spores at you.
You hit the sleepcap. You freeze the sleepcap.
You tail-slap the sleepcap, but do no damage.
The sleepcap is heavily damaged.
The sleepcap releases spores at you.
You are engulfed in a cloud of soporific spores!
You fall asleep.
The sleepcap barely misses you. The sleepcap releases spores at you!
You wake up.
Casting: Sandblast (safe; 4% risk of failure)
Confirm with . or Enter, or press ? or * to list all spells.
Aiming: Sandblast (safe; 4% risk of failure)
Press: ? - help, Shift-Dir - straight line, f/p - sleepcap
Aim: a sleepcap (heavily damaged, 100% to hit)
The blast of sand hits the sleepcap.
The sleepcap is heavily damaged.
The sleepcap releases spores at you!
You hit the sleepcap. You freeze the sleepcap.
The sleepcap is severely damaged.
The sleepcap releases spores at you.
You are engulfed in a cloud of soporific spores!
You are unaffected.
You hit the sleepcap but do no damage.
The sleepcap is severely damaged.
The sleepcap releases spores at you!
* * * LOW HITPOINT WARNING * * *
Casting: Sandblast (safe; 4% risk of failure)
Confirm with . or Enter, or press ? or * to list all spells.
Aiming: Sandblast (safe; 4% risk of failure)
Press: ? - help, Shift-Dir - straight line, f/p - sleepcap
Aim: a sleepcap (severely damaged, 100% to hit)
The blast of sand hits the sleepcap.
The sleepcap is severely damaged.
The sleepcap misses you. The sleepcap releases spores at you.
* * * LOW HITPOINT WARNING * * *
You are engulfed in a cloud of soporific spores!
You fall asleep.
The sleepcap releases spores at you!
You die...

#...#.# #.##.# ### #†# #.....#
#....###.## #.# #...#.#
#.##......## #.# ##.##†#
#.####.....###.#
#######>##.#######..............#
........##.........####.....#####
################.### ##...## #.#
##.## #@# #.# ##### #######f# #.#
..... ........# #.# #####
################.# ########
#.......# .......# #.#######
######.############.# #
#..............# #
################


You could see a sleepcap.

Vanquished Creatures
  4 adders
  A worm (D:2)
  A dart slug (D:3)
  3 orcs (D:3)
  5 endoplasms
  A hobgoblin (D:2)
  4 kobolds
  A quokka (D:2)
  5 ball pythons
  2 bats
  5 frilled lizards
  4 goblins
  3 rats (D:3)
39 creatures vanquished.

Vanquished Creatures (collateral kills)
  An orc priest (D:3)
  An orc (D:3)
2 creatures vanquished.

Grand Total: 41 creatures vanquished

Notes
Turn   | Place    | Note
-------+----------+-------------------------------------------
     0 | D:1      | booth the Draconian Earth Elementalist began the quest for
                  | the Orb.
     0 | D:1      | Reached XP level 1. HP: 14/14 MP: 3/3
   646 | D:1      | Reached XP level 2. HP: 17/20 MP: 0/5
   649 | D:1      | Learned a level 2 spell: Passwall
  1143 | D:2      | Reached XP level 3. HP: 25/26 MP: 2/6
  1194 | D:2      | Learned a level 3 spell: Stone Arrow
  1597 | D:3      | Reached XP level 4. HP: 32/33 MP: 3/7
  1859 | D:3      | Found a faded altar of an unknown god.
  2319 | D:3      | HP: 1/33 [sleepcap (2)]
  2320 | D:3      | Mangled by a sleepcap

Illustrated notes

Levels and vault maps discovered:
D:1:      mrwooster_arrival_statue_2, layout_loops_ring
D:2:      layout_rooms, minmay_small_reverse_x
D:3:      layout_loops_ring, chequers_ecumenical_altar_island

Skill      XL: |  1  2  3  4 |
---------------+-------------+-----
Stealth        | 2 |  2.5
Dodging        | 2 |  2.5
Transmutations | 2 |  2.1
Spellcasting   | |  2.6
Earth Magic    | |  3.6

Action                     |  1- 3 |  4- 6 || total
---------------------------+-------+-------++-------
  Melee: Dagger            |    20 |    20 ||    40
         Tailslap          |     1 |     6 ||     7
   Cast: Sandblast         |    32 |    17 ||    49
    Use: Scroll            |     5 |     2 ||     7
 Armour: Skin              |    13 |     2 ||    15
  Dodge: Dodged            |    21 |    17 ||    38
